[Event "RUS-ch Men Rapid 2019"]
[Site "Sochi"]
[Date "2019.10.15"]
[Round "2.28"]
[White "Faizrakhmanov, Ramil"]
[Black "Gabitov, Ruslan"]
[Result "0-1"]
[ECO "A48"]
[WhiteElo "2434"]
[BlackElo "2172"]
[Annotator "NA"]
[PlyCount "66"]
[EventDate "2019.10.15"]
[EventType "swiss"]
[EventCountry "RUS"]
[SourceTitle "playchess.com"]
[Source "ChessBase"]
[SourceQuality "1"]
[TimeControl "900+10"]

1. d4 Nf6 2. Nf3 g6 3. e3 Bg7 4. Be2 O-O 5. O-O d6 6. b3 Nfd7 7. Bb2 e5 8. c4 Nc6 9. Nc3 Re8 10. h3 Nf6 11. d5 Ne7 12. b4 Nd7 13. Nd2 f5 14. Nb3 Nf6 15. a4 g5 16. f4 gxf4 17. exf4 exf4 18. Bd3 Ng6 19. Qc2 Ne4 20. Ne2 Bxb2 21. Qxb2 Qg5 22. Nbd4 f3 23. Rxf3 Nh4 24. Nc1 Nxf3+ 25. Nxf3 Qe3+ 26. Kh2 Qf4+ 27. Kg1 Ng5 28. Be2 Nxf3+ 29. Bxf3 Re1+ 30. Kf2 Qe3+ 31. Kg3 f4+ 32. Kh4 Qe7+ 33. Kh5 Re5+ 0-1

[Event "RUS-ch Men Rapid 2019"]
[Site "Sochi"]
[Date "2019.10.15"]
[Round "2.29"]
[White "Goltsev, Dmitry"]
[Black "Potapov, Pavel"]
[Result "0-1"]
[ECO "B32"]
[WhiteElo "2309"]
[BlackElo "2489"]
[Annotator "ChessBase"]
[PlyCount "82"]
[EventDate "2019.10.15"]
[EventType "swiss"]
[EventCountry "RUS"]
[SourceTitle "playchess.com"]
[Source "ChessBase"]
[SourceQuality "1"]
[TimeControl "900+10"]

1. e4 c5 2. Nf3 Nc6 3. d4 cxd4 4. Nxd4 e5 5. Nb5 d6 6. N1c3 a6 7. Na3 Be7 8. Nd5 Nf6 9. Nxf6+ Bxf6 10. Nc4 Be7 11. Be3 Be6 12. Nb6 Rb8 13. Nd5 O-O 14. Qd2 b5 15. Rd1 Bxd5 16. Qxd5 Nd4 17. Bxd4 exd4 18. Rxd4 Bf6 19. Rb4 Rc8 20. Bd3 Qa5 21. Qb3 Bd4 22. O-O Bc5 23. a3 Bxb4 24. axb4 Qb6 25. c3 Rfe8 26. Qc2 h6 27. Rd1 Rcd8 28. Be2 Re5 29. Bf3 a5 30. bxa5 Qxa5 31. g3 b4 32. cxb4 Qxb4 33. Qc7 Qa5 34. Qb7 Rb5 35. Qe7 Rxb2 36. e5 Qb6 37. Kh1 Rf8 38. Rg1 Qxf2 39. Bg2 dxe5 40. Qxe5 Re2 41. Qd5 Re1 0-1

[Event "RUS-ch Men Rapid 2019"]
[Site "Sochi"]
[Date "2019.10.15"]
[Round "2.30"]
[White "Smagin, Sergey"]
[Black "Gaydym, Michail"]
[Result "1-0"]
[ECO "C25"]
[WhiteElo "2551"]
[BlackElo "2337"]
[Annotator "ChessBase"]
[PlyCount "107"]
[EventDate "2019.10.15"]
[EventType "swiss"]
[EventCountry "RUS"]
[SourceTitle "playchess.com"]
[Source "ChessBase"]
[SourceQuality "1"]
[TimeControl "900+10"]

1. e4 e5 2. Nc3 Bc5 3. g3 d6 4. Bg2 a6 5. Nge2 Nc6 6. d3 f5 7. exf5 Nf6 8. Ne4 Bb6 9. O-O Bxf5 10. N2c3 O-O 11. Bg5 Be6 12. Nd5 Ba7 13. Nexf6+ gxf6 14. Be3 Ne7 15. Nxe7+ Qxe7 16. Bxa7 Rxa7 17. d4 Qd7 18. f4 Qb5 19. fxe5 dxe5 20. dxe5 Qxe5 21. Re1 Qc5+ 22. Kh1 Bf5 23. b4 Qxc2 24. Qd5+ Kh8 25. Rac1 Qd3 26. Rxc7 Qxd5 27. Bxd5 Rd8 28. Kg1 Bg6 29. Bxb7 Rb8 30. Ree7 Rd8 31. a3 a5 32. b5 a4 33. b6 Ra5 34. Rc8 Rxc8 35. Bxc8 Rb5 36. b7 Rb2 37. Bf5 Bxf5 38. Re8+ Kg7 39. b8=Q Rxb8 40. Rxb8 Bc2 41. Kf2 h6 42. Ke3 Kg6 43. Kf4 Bd1 44. Ra8 Bc2 45. Ra6 Bd1 46. g4 Bc2 47. h4 Kg7 48. Ra7+ Kg8 49. Ke3 Bd1 50. Kf4 Bc2 51. Rc7 Bd3 52. Rc3 Bg6 53. Rc4 Be8 54. Kf5 1-0

[Event "RUS-ch Men Rapid 2019"]
[Site "Sochi"]
[Date "2019.10.15"]
[Round "2.31"]
[White "Stambulian, Arsen"]
[Black "Nazaretyan, Tigran"]
[Result "0-1"]
[ECO "B67"]
[WhiteElo "2306"]
[BlackElo "2297"]
[Annotator "NA"]
[PlyCount "68"]
[EventDate "2019.10.15"]
[EventType "swiss"]
[EventCountry "RUS"]
[SourceTitle "playchess.com"]
[Source "ChessBase"]
[SourceQuality "1"]
[TimeControl "900+10"]

1. e4 c5 2. Nf3 Nc6 3. d4 cxd4 4. Nxd4 Nf6 5. Nc3 d6 6. Bg5 e6 7. Qd2 a6 8. O-O-O Bd7 9. f4 h6 10. Bxf6 Qxf6 11. Nf3 Qd8 12. Kb1 Qc7 13. f5 Be7 14. g4 O-O-O 15. Rg1 Kb8 16. g5 hxg5 17. Nxg5 Ne5 18. Qf2 Qc5 19. Qxc5 dxc5 20. fxe6 fxe6 21. Be2 Rxh2 22. Nf3 Nxf3 23. Bxf3 Bf6 24. e5 Bxe5 25. Ne4 b6 26. Ng5 Bd4 27. Rgf1 Kc7 28. c3 Bf6 29. Ne4 Bb5 30. Rxd8 Bxf1 31. Rf8 Bd3+ 32. Kc1 Rc2+ 33. Kd1 Bxe4 34. Bxe4 Rxb2 0-1

[Event "RUS-ch Men Rapid 2019"]
[Site "Sochi"]
[Date "2019.10.15"]
[Round "2.32"]
[White "Glek, Igor"]
[Black "Orlinkov, Maxim L."]
[Result "1-0"]
[ECO "B01"]
[WhiteElo "2467"]
[BlackElo "2297"]
[Annotator "ChessBase"]
[PlyCount "99"]
[EventDate "2019.10.15"]
[EventType "swiss"]
[EventCountry "RUS"]
[SourceTitle "playchess.com"]
[Source "ChessBase"]
[SourceQuality "1"]
[TimeControl "900+10"]

1. e4 d5 2. exd5 Nf6 3. Nf3 Nxd5 4. d4 Bg4 5. Be2 e6 6. Ne5 Bxe2 7. Qxe2 Nd7 8. O-O Nxe5 9. dxe5 c6 10. Nd2 Qc7 11. Nf3 O-O-O 12. Rd1 h6 13. c4 Ne7 14. Rxd8+ Qxd8 15. Be3 Qa5 16. Bd2 Qc7 17. b4 g5 18. Qe4 Bg7 19. Bc3 Ng6 20. g3 Rd8 21. Re1 Qd7 22. Bd4 b6 23. b5 Kc7 24. a4 c5 25. Be3 Kb8 26. h4 gxh4 27. Nxh4 Qd3 28. Qg4 Rd7 29. Nxg6 Qxg6 30. Qxg6 fxg6 31. f4 Rd3 32. a5 Rc3 33. Kf2 Rxc4 34. Rd1 Kc7 35. Rd6 bxa5 36. Rxe6 a4 37. Rxg6 a3 38. Ra6 Rc2+ 39. Kf3 a2 40. Ke4 Kb7 41. Kd5 Rb2 42. Bxc5 Rd2+ 43. Ke6 Rc2 44. Bd4 Bf8 45. Rxa7+ Kb8 46. Ra4 h5 47. Kf7 Rd2 48. Kxf8 Rxd4 49. Rxa2 Rd3 50. e6 1-0

[Event "RUS-ch Men Rapid 2019"]
[Site "Sochi"]
[Date "2019.10.15"]
[Round "3.6"]
[White "Lysyj, Igor"]
[Black "Kabanov, Nikolai"]
[Result "1-0"]
[ECO "E06"]
[WhiteElo "2588"]
[BlackElo "2455"]
[Annotator "ChessBase"]
[PlyCount "131"]
[EventDate "2019.10.15"]
[EventType "swiss"]
[EventCountry "RUS"]
[SourceTitle "playchess.com"]
[Source "ChessBase"]
[SourceQuality "1"]
[TimeControl "900+10"]

1. d4 d5 2. Nf3 Nf6 3. c4 e6 4. g3 Be7 5. Bg2 O-O 6. Qb3 Nc6 7. Nbd2 b6 8. cxd5 exd5 9. O-O Bf5 10. a3 Na5 11. Qd1 c5 12. Ne5 Rc8 13. dxc5 Bxc5 14. Ndf3 Bc2 15. Qe1 Nb3 16. Bg5 Nxa1 17. Qxa1 Be7 18. Nd4 h6 19. Bh3 Rc7 20. Bf4 Ba4 21. Ne6 fxe6 22. Bxe6+ Kh7 23. Bf5+ Kh8 24. Ng6+ Kg8 25. Bxc7 Qxc7 26. Be6+ Rf7 27. Rc1 Qd6 28. Rc8+ Be8 29. Bxf7+ Kxf7 30. Qb1 Ne4 31. Nxe7 Qxe7 32. Qd3 Bd7 33. Qxd5+ Be6 34. Qh5+ g6 35. Qf3+ Nf6 36. Rc1 Bd5 37. Qd3 h5 38. f3 Qe5 39. e4 Be6 40. Qc3 Qg5 41. Qc7+ Nd7 42. Qf4+ Qxf4 43. gxf4 Nc5 44. b4 Nd3 45. Rc7+ Kf6 46. Rxa7 Nxf4 47. Rb7 Ke5 48. Rxb6 Kd4 49. Kf2 g5 50. Rd6+ Ke5 51. Rd8 Bc4 52. Ke3 Ng2+ 53. Kf2 Nf4 54. Rd7 Bb5 55. Rb7 Ba6 56. Ra7 Bc4 57. Rc7 Kd4 58. Rd7+ Kc3 59. Rg7 Ne6 60. Rh7 h4 61. Ke3 Kb3 62. Ra7 Nf4 63. Ra5 Ng2+ 64. Kf2 Nf4 65. Ke3 Ng2+ 66. Kd2 1-0

[Event "RUS-ch Men Rapid 2019"]
[Site "Sochi"]
[Date "2019.10.15"]
[Round "3.7"]
[White "Oganian, Miran"]
[Black "Nozdrachev, Vladislav"]
[Result "1-0"]
[ECO "E06"]
[WhiteElo "2436"]
[BlackElo "2560"]
[Annotator "ChessBase"]
[PlyCount "107"]
[EventDate "2019.10.15"]
[EventType "swiss"]
[EventCountry "RUS"]
[SourceTitle "playchess.com"]
[Source "ChessBase"]
[SourceQuality "1"]
[TimeControl "900+10"]

1. d4 Nf6 2. c4 e6 3. g3 d5 4. Nf3 Be7 5. Bg2 O-O 6. O-O dxc4 7. Ne5 Nc6 8. Bxc6 bxc6 9. Nxc6 Qe8 10. Nxe7+ Qxe7 11. Qc2 c5 12. Qxc4 cxd4 13. Qxd4 e5 14. Qh4 Qe6 15. Nc3 Bb7 16. Rd1 Rac8 17. Qb4 Ba8 18. Bg5 Rc4 19. Qd6 Qh3 20. f3 Rc6 21. Qb4 e4 22. Nxe4 Rb6 23. Qc5 Bxe4 24. Bxf6 gxf6 25. fxe4 Rxb2 26. Qe3 Re8 27. Rd6 Qg4 28. Rxf6 Qxe4 29. Qg5+ Kh8 30. Rxf7 Qd4+ 31. e3 Qxe3+ 32. Qxe3 Rxe3 33. Rd1 Re8 34. Rxa7 Kg8 35. a3 h5 36. Ra5 h4 37. Rg5+ Kf7 38. Rf1+ Ke6 39. Re1+ Kf6 40. Rxe8 Kxg5 41. Rg8+ Kf5 42. gxh4 Kf4 43. Rg3 Rc2 44. h5 Rc5 45. h6 Rh5 46. Rg6 Kf3 47. Rf6+ Kg4 48. Kg2 Rb5 49. h7 Rb2+ 50. Rf2 Rb8 51. a4 Ra8 52. a5 Kh5 53. Rf3 Kg6 54. Rh3 1-0

[Event "RUS-ch Men Rapid 2019"]
[Site "Sochi"]
[Date "2019.10.15"]
[Round "3.16"]
[White "Belyakov, Bogdan"]
[Black "Gubsky, Egor"]
[Result "1-0"]
[ECO "B22"]
[WhiteElo "2506"]
[BlackElo "2339"]
[Annotator "ChessBase"]
[PlyCount "65"]
[EventDate "2019.10.15"]
[EventType "swiss"]
[EventCountry "RUS"]
[SourceTitle "playchess.com"]
[Source "ChessBase"]
[SourceQuality "1"]
[TimeControl "900+10"]

1. e4 c5 2. c3 d5 3. exd5 Qxd5 4. Nf3 Nc6 5. d4 Bg4 6. Be2 cxd4 7. cxd4 e6 8. O-O Nf6 9. h3 Bh5 10. Nc3 Qa5 11. a3 Bd6 12. Nb5 Qd8 13. Bg5 Be7 14. Bxf6 Bxf6 15. d5 exd5 16. Qxd5 Qxd5 17. Nc7+ Kf8 18. Nxd5 Bxb2 19. Rab1 Bxa3 20. Rxb7 Nd8 21. Rd7 f6 22. Nc7 Be8 23. Rd3 Rc8 24. Nxe8 Be7 25. Nd6 Rc2 26. Bd1 Rc5 27. Re1 Nc6 28. Nb7 Rb5 29. Ba4 Rxb7 30. Bxc6 Rc7 31. Nd4 Kf7 32. Bd5+ Ke8 33. Ne6 1-0

[Event "RUS-ch Men Rapid 2019"]
[Site "Sochi"]
[Date "2019.10.15"]
[Round "3.17"]
[White "Shcherbin, Matvei"]
[Black "Goryachkina, Aleksandra"]
[Result "0-1"]
[ECO "B10"]
[WhiteElo "2366"]
[BlackElo "2504"]
[Annotator "ChessBase"]
[PlyCount "60"]
[EventDate "2019.10.15"]
[EventType "swiss"]
[EventCountry "RUS"]
[SourceTitle "playchess.com"]
[Source "ChessBase"]
[SourceQuality "1"]
[TimeControl "900+10"]

1. e4 c6 2. c4 d5 3. exd5 cxd5 4. cxd5 Nf6 5. Qa4+ Nbd7 6. Nc3 g6 7. Bc4 Bg7 8. d3 O-O 9. Nf3 a6 10. Qa3 b6 11. O-O Bb7 12. Re1 b5 13. Bb3 Re8 14. Qb4 Nb6 15. Qh4 Nbxd5 16. Ne5 Rf8 17. Bg5 Nxc3 18. bxc3 Rc8 19. Re3 Rxc3 20. Rh3 Nh5 21. Bxe7 Qc7 22. Qg5 Qxe5 23. Qxe5 Bxe5 24. Bxf8 Kxf8 25. Re1 Bd4 26. Bd1 Nf4 27. Rxh7 Nxd3 28. Rf1 Rc1 29. Be2 Bxf2+ 30. Kh1 Nf4 0-1

[Event "RUS-ch Men Rapid 2019"]
[Site "Sochi"]
[Date "2019.10.15"]
[Round "3.19"]
[White "Potapov, Pavel"]
[Black "Gaydym, Arseniy"]
[Result "1/2-1/2"]
[ECO "B22"]
[WhiteElo "2489"]
[BlackElo "2139"]
[Annotator "ChessBase"]
[PlyCount "133"]
[EventDate "2019.10.15"]
[EventType "swiss"]
[EventCountry "RUS"]
[SourceTitle "playchess.com"]
[Source "ChessBase"]
[SourceQuality "1"]
[TimeControl "900+10"]

1. e4 c5 2. c3 d5 3. exd5 Qxd5 4. d4 e6 5. Nf3 Nf6 6. Bd3 Nc6 7. O-O Be7 8. Be3 cxd4 9. cxd4 O-O 10. Nc3 Qh5 11. Be2 Qa5 12. a3 Bd6 13. b4 Qd8 14. Bg5 Be7 15. b5 Nd5 16. Bd2 Nxc3 17. Bxc3 Nb8 18. Ne5 Nd7 19. Qb3 Nb6 20. Bf3 Nd5 21. a4 Rb8 22. Bb2 Bf6 23. Rac1 Bxe5 24. dxe5 b6 25. Ba3 Re8 26. Bd6 Ra8 27. Bxd5 exd5 28. Qxd5 Be6 29. Qb7 Qh4 30. f4 Qg4 31. Rc7 Qe2 32. Qf3 Qxf3 33. Rxf3 g6 34. Rfc3 Rec8 35. Kf2 h5 36. Ke3 Rxc7 37. Rxc7 Bb3 38. Ke4 Bxa4 39. f5 gxf5+ 40. Kxf5 Re8 41. Kg5 Bxb5 42. Rxa7 Bc6 43. g3 Bf3 44. Ra3 Bd1 45. Rd3 Be2 46. Rd2 Bg4 47. Rb2 Kg7 48. Rxb6 Re6 49. Rb7 Rg6+ 50. Kf4 Be6 51. Rb8 Rg4+ 52. Ke3 Ra4 53. Be7 Bd5 54. Bf6+ Kg6 55. Rg8+ Kh7 56. Rd8 Be6 57. h4 Kg6 58. Rh8 Rb4 59. Bg5 Rb3+ 60. Kf2 Rb2+ 61. Ke1 Bg4 62. Bf4 Kf5 63. Ra8 Ke4 64. Ra3 Re2+ 65. Kf1 Rb2 66. Ke1 Re2+ 67. Kf1 {[%emt 0:00:06] Kxe5} 1/2-1/2

[Event "RUS-ch Men Rapid 2019"]
[Site "Sochi"]
[Date "2019.10.15"]
[Round "3.20"]
[White "Gabitov, Ruslan"]
[Black "Smagin, Sergey"]
[Result "1/2-1/2"]
[ECO "B01"]
[WhiteElo "2172"]
[BlackElo "2551"]
[Annotator "ChessBase"]
[PlyCount "37"]
[EventDate "2019.10.15"]
[EventType "swiss"]
[EventCountry "RUS"]
[SourceTitle "playchess.com"]
[Source "ChessBase"]
[SourceQuality "1"]
[TimeControl "900+10"]

1. e4 d5 2. Nc3 d4 3. Nce2 c5 4. Ng3 Nc6 5. Bc4 Nf6 6. f4 e5 7. d3 Bd6 8. N1e2 O-O 9. a3 Be6 10. Bxe6 fxe6 11. O-O exf4 12. Nxf4 Qe7 13. Bd2 Rf7 14. Qe2 Ne5 15. Nfh5 Raf8 16. Bg5 Kh8 17. Bh4 Ng6 18. Bg5 Qc7 19. Nxg7 1/2-1/2

[Event "RUS-ch Men Rapid 2019"]
[Site "Sochi"]
[Date "2019.10.15"]
[Round "3.21"]
[White "Tsydypov, Zhamsaran"]
[Black "Radchenko, Vladislav Y."]
[Result "1-0"]
[ECO "B07"]
[WhiteElo "2671"]
[BlackElo "2408"]
[Annotator "RC"]
[PlyCount "55"]
[EventDate "2019.10.15"]
[EventType "swiss"]
[EventCountry "RUS"]
[SourceTitle "playchess.com"]
[Source "ChessBase"]
[SourceQuality "1"]
[TimeControl "900+10"]

1. e4 d6 2. d4 Nf6 3. Nc3 g6 4. Be3 Ng4 5. Bg5 Bg7 6. Qd2 h6 7. Bh4 Nd7 8. f3 Ngf6 9. O-O-O c5 10. dxc5 dxc5 11. e5 Nh5 12. g4 g5 13. gxh5 gxh4 14. f4 a6 15. Nf3 e6 16. Ne4 b6 17. Nd6+ Ke7 18. Rg1 Rg8 19. Bd3 Bh8 20. Rxg8 Qxg8 21. Be4 Ra7 22. Bh7 Qd8 23. Nxc8+ Qxc8 24. Qd6+ Ke8 25. Rg1 Nf8 26. Rg8 Bg7 27. Be4 f5 28. exf6 1-0

[Event "RUS-ch Men Rapid 2019"]
[Site "Sochi"]
[Date "2019.10.15"]
[Round "3.23"]
[White "Tekeyev, Zaur"]
[Black "Sakaev, Konstantin"]
[Result "0-1"]
[ECO "B51"]
[WhiteElo "2384"]
[BlackElo "2586"]
[Annotator "ChessBase"]
[PlyCount "119"]
[EventDate "2019.10.15"]
[EventType "swiss"]
[EventCountry "RUS"]
[SourceTitle "playchess.com"]
[Source "ChessBase"]
[SourceQuality "1"]
[TimeControl "900+10"]

1. e4 c5 2. Nf3 d6 3. Bb5+ Nd7 4. a4 Ngf6 5. Nc3 g6 6. a5 a6 7. Bc4 e6 8. d3 Bg7 9. O-O O-O 10. h3 Qc7 11. Re1 Ne5 12. Nxe5 dxe5 13. Bd2 Bd7 14. Na4 Rad8 15. b4 cxb4 16. Bxb4 Rfe8 17. Qb1 Bc6 18. Nb6 Nh5 19. Qa2 Nf4 20. Bb3 Bf8 21. Bxf8 Rxf8 22. Ba4 Qe7 23. g3 Nxh3+ 24. Kg2 Ng5 25. Bxc6 Qf6 26. Re3 bxc6 27. Qc4 Qg7 28. Rae1 f5 29. f4 exf4 30. gxf4 Nf7 31. Qxe6 fxe4 32. Rxe4 Rd6 33. Qc4 Qf6 34. Re6 Qh4 35. Rxd6 Qxe1 36. Re6 Qd2+ 37. Kg3 Qd1 38. Kg2 Qg4+ 39. Kf2 Qh4+ 40. Ke2 Kg7 41. Qd4+ Kh6 42. Qe3 Nd8 43. Re7 Rxf4 44. Re4 g5 45. Rxf4 gxf4 46. Qe5 Qh5+ 47. Qxh5+ Kxh5 48. Kf3 Kg5 49. d4 Ne6 50. Ke4 Kg4 51. Nc4 Ng5+ 52. Kd3 Kg3 53. Nd2 f3 54. c4 f2 55. d5 cxd5 56. cxd5 Kg2 57. Ke2 Ne4 58. Nf1 Nc3+ 59. Kd3 Kxf1 60. Kd4 0-1

[Event "RUS-ch Men Rapid 2019"]
[Site "Sochi"]
[Date "2019.10.15"]
[Round "3.26"]
[White "Savchenko, Boris"]
[Black "Usmanov, Ilnur"]
[Result "1-0"]
[ECO "B10"]
[WhiteElo "2560"]
[BlackElo "2144"]
[Annotator "ChessBase"]
[PlyCount "48"]
[EventDate "2019.10.15"]
[EventType "swiss"]
[EventCountry "RUS"]
[SourceTitle "playchess.com"]
[Source "ChessBase"]
[SourceQuality "1"]
[TimeControl "900+10"]

1. e4 c6 2. Nc3 d5 3. Nf3 dxe4 4. Nxe4 Nf6 5. Qe2 Nxe4 6. Qxe4 Nd7 7. Bc4 Nf6 8. Ne5 e6 9. Qe2 Be7 10. b3 O-O 11. Bb2 Qc7 12. f4 b5 13. Bd3 a6 14. g4 Nd5 15. Qe4 f5 16. gxf5 exf5 17. Qd4 Bh4+ 18. Kd1 Bf6 19. c4 Nb4 20. cxb5 Nxd3 21. Qxd3 cxb5 22. Qd5+ Kh8 23. Qxa8 Rd8 24. Rc1 Rf8 1-0

[Event "RUS-ch Men Rapid 2019"]
[Site "Sochi"]
[Date "2019.10.15"]
[Round "3.32"]
[White "Frolov, Aleksey G."]
[Black "Nesterov, Arseniy"]
[Result "1/2-1/2"]
[ECO "C78"]
[WhiteElo "2093"]
[BlackElo "2484"]
[Annotator "ChessBase"]
[PlyCount "53"]
[EventDate "2019.10.15"]
[EventType "swiss"]
[EventCountry "RUS"]
[SourceTitle "playchess.com"]
[Source "ChessBase"]
[SourceQuality "1"]
[TimeControl "900+10"]

1. e4 e5 2. Nf3 Nc6 3. Bb5 a6 4. Ba4 Nf6 5. O-O b5 6. Bb3 Bc5 7. c3 d6 8. d4 Bb6 9. dxe5 Nxe5 10. Nxe5 dxe5 11. Qxd8+ Kxd8 12. Bg5 Ke7 13. Nd2 h6 14. Bh4 Bb7 15. Nf3 g5 16. Bg3 Nxe4 17. Nxe5 Nxg3 18. hxg3 Kf6 19. Rae1 Kg7 20. Nxf7 Rhf8 21. Re7 Rae8 22. Rfe1 Rxe7 23. Rxe7 Kf6 24. Re6+ Kg7 25. Re7 Kf6 26. Re6+ Kg7 27. Re7 1/2-1/2

[Event "RUS-ch Men Rapid 2019"]
[Site "Sochi"]
[Date "2019.10.15"]
[Round "4.3"]
[White "Goryachkina, Aleksandra"]
[Black "Lysyj, Igor"]
[Result "1/2-1/2"]
[ECO "C44"]
[WhiteElo "2504"]
[BlackElo "2588"]
[Annotator "ChessBase"]
[PlyCount "30"]
[EventDate "2019.10.15"]
[EventType "swiss"]
[EventCountry "RUS"]
[SourceTitle "playchess.com"]
[Source "ChessBase"]
[SourceQuality "1"]
[TimeControl "900+10"]

1. e4 e5 2. Nf3 Nc6 3. d4 exd4 4. Bc4 Bc5 5. Ng5 Nh6 6. Nxf7 Nxf7 7. Bxf7+ Kxf7 8. Qh5+ g6 9. Qxc5 d5 10. O-O dxe4 11. c3 Qd6 12. cxd4 Nxd4 13. Qxd6 Ne2+ 14. Kh1 cxd6 15. Be3 b6 1/2-1/2

[Event "RUS-ch Men Rapid 2019"]
[Site "Sochi"]
[Date "2019.10.15"]
[Round "4.4"]
[White "Oganian, Miran"]
[Black "Pridorozhni, Aleksei"]
[Result "1/2-1/2"]
[ECO "E09"]
[WhiteElo "2436"]
[BlackElo "2554"]
[Annotator "ChessBase"]
[PlyCount "145"]
[EventDate "2019.10.15"]
[EventType "swiss"]
[EventCountry "RUS"]
[SourceTitle "playchess.com"]
[Source "ChessBase"]
[SourceQuality "1"]
[TimeControl "900+10"]

1. d4 d5 2. c4 e6 3. Nf3 Nf6 4. g3 Be7 5. Bg2 O-O 6. O-O Nbd7 7. Qc2 c6 8. Nbd2 b6 9. e4 dxe4 10. Nxe4 Bb7 11. Rd1 Qc8 12. Nxf6+ Nxf6 13. c5 Nd5 14. Bg5 Qd8 15. Bxe7 Qxe7 16. Rac1 Rac8 17. a3 Rfd8 18. Ne5 bxc5 19. Qxc5 Qxc5 20. Rxc5 Ne7 21. Ra5 a6 22. Rc5 f6 23. Nf3 Rd6 24. Re1 Kf7 25. Bf1 Rcd8 26. Bc4 Nd5 27. b4 Bc8 28. Bb3 Nc7 29. Rec1 Bd7 30. Ra5 Rb8 31. Bc4 Rb6 32. Bf1 Nb5 33. Nd2 Rxd4 34. Nc4 Rb7 35. Rxa6 Nc7 36. Na5 Nxa6 37. Nxb7 Nb8 38. Nc5 Ke7 39. Nb3 Rd5 40. Bc4 Re5 41. Rd1 Bc8 42. Na5 g5 43. Kg2 h5 44. h3 h4 45. gxh4 gxh4 46. Rd4 Rh5 47. Rg4 e5 48. Rg7+ Kd6 49. Nb7+ Bxb7 50. Rxb7 Nd7 51. a4 e4 52. a5 Ne5 53. a6 Rh8 54. a7 Ra8 55. Be2 f5 56. f3 Ng6 57. fxe4 fxe4 58. Kf2 Nf4 59. Bg4 Ke5 60. Re7+ Kd4 61. Bf5 Nd5 62. Rxe4+ Kc3 63. Rxh4 Rxa7 64. Rh7 Ra8 65. Kg3 Rg8+ 66. Kh2 Kxb4 67. Be6 Rd8 68. Rd7 Rxd7 69. Bxd7 c5 70. Be6 Nf4 71. Bf7 Nxh3 72. Kxh3 c4 73. Bxc4 1/2-1/2

[Event "RUS-ch Men Rapid 2019"]
[Site "Sochi"]
[Date "2019.10.15"]
[Round "4.5"]
[White "Ulybin, Mikhail"]
[Black "Khismatullin, Denis"]
[Result "1/2-1/2"]
[ECO "A40"]
[WhiteElo "2455"]
[BlackElo "2550"]
[Annotator "ChessBase"]
[PlyCount "148"]
[EventDate "2019.10.15"]
[EventType "swiss"]
[EventCountry "RUS"]
[SourceTitle "playchess.com"]
[Source "ChessBase"]
[SourceQuality "1"]
[TimeControl "900+10"]

1. d4 Nf6 2. c4 e6 3. g3 Bb4+ 4. Bd2 Be7 5. Bg2 d5 6. Nf3 O-O 7. O-O c6 8. Qb3 Nbd7 9. Bf4 Nh5 10. Bc1 Nhf6 11. Bf4 Nh5 12. Bc1 b6 13. Nc3 Bb7 14. e4 dxc4 15. Qxc4 b5 16. Qb3 b4 17. Na4 Nhf6 18. Be3 Nxe4 19. Ne5 Ndf6 20. Qc2 Qd5 21. f3 Nd6 22. f4 Qb5 23. Nxc6 Nf5 24. Bf2 Rac8 25. Rfc1 Bxc6 26. Bxc6 Qa6 27. Qc4 Qxc4 28. Rxc4 Ng4 29. d5 Nxf2 30. Kxf2 exd5 31. Bxd5 Rcd8 32. Rd1 Bf6 33. Rxb4 Rfe8 34. Rd3 a6 35. Re4 Rxe4 36. Bxe4 Nd4 37. b3 g6 38. Nc3 Bg7 39. Nd5 Kf8 40. Rd2 Rc8 41. Bd3 a5 42. Nb6 Rc7 43. Nc4 Rc5 44. Bf1 Bf6 45. Ke3 Nf5+ 46. Ke4 Ne7 47. Rd8+ Kg7 48. Ra8 Bc3 49. Ra7 Kf8 50. Nb6 Rc6 51. Nd7+ Kg7 52. Bc4 Bb4 53. Ne5 Rc8 54. Bxf7 Rc2 55. Bc4 Rxh2 56. Nc6 Kf6 57. Nxb4 axb4 58. Ra6+ Kg7 59. Ra7 Kf8 60. g4 h5 61. Ra8+ Kg7 62. Ra7 Kf8 63. Ra8+ Kg7 64. Re8 Nc6 65. g5 Rxa2 66. Re6 Na5 67. Ra6 h4 68. Ra7+ Kf8 69. Kf3 h3 70. Bd5 h2 71. Rh7 Nxb3 72. Bxb3 Ra3 73. Ke4 Rxb3 74. Rxh2 Rc3 1/2-1/2

[Event "RUS-ch Men Rapid 2019"]
[Site "Sochi"]
[Date "2019.10.15"]
[Round "4.7"]
[White "Ponkratov, Pavel"]
[Black "Samusenko, Maksim"]
[Result "0-1"]
[ECO "B01"]
[WhiteElo "2674"]
[BlackElo "2445"]
[Annotator "RC"]
[PlyCount "146"]
[EventDate "2019.10.15"]
[EventType "swiss"]
[EventCountry "RUS"]
[SourceTitle "playchess.com"]
[Source "ChessBase"]
[SourceQuality "1"]
[TimeControl "900+10"]

1. e4 d5 2. exd5 Nf6 3. Bb5+ Bd7 4. Be2 Nxd5 5. d4 Bf5 6. Nf3 e6 7. O-O Be7 8. c4 Nb4 9. Na3 O-O 10. Be3 c6 11. Qb3 a5 12. Rfd1 Nd7 13. h3 Qc7 14. Rdc1 Bg6 15. Nb1 e5 16. a3 exd4 17. Bxd4 Na6 18. Qc3 Nac5 19. Nbd2 Ne6 20. b4 axb4 21. axb4 Nxd4 22. Nxd4 Bf6 23. Rxa8 Rxa8 24. N2f3 c5 25. bxc5 Nxc5 26. Qb4 Rd8 27. Nb5 Qb6 28. Qa3 h6 29. Qe3 Qc6 30. Nfd4 Qe4 31. Qxe4 Bxe4 32. Nf3 Bc6 33. Kf1 Ne4 34. Rd1 Ra8 35. Bd3 Nc5 36. Bc2 Bxf3 37. gxf3 Ra2 38. Rd2 g6 39. Nd6 Ne6 40. Ne4 Bd4 41. Bb3 Ra3 42. Bd1 Ra1 43. f4 b6 44. Kg1 Nxf4 45. h4 h5 46. Ng5 Bf6 47. Nf3 Ne6 48. Kg2 Rc1 49. Rd6 Be7 50. Rd7 Bf6 51. Ba4 Rxc4 52. Ra7 Rc7 53. Ra8+ Kg7 54. Rb8 Nf4+ 55. Kh2 Rc4 56. Bb5 Rb4 57. Be8 Nd5 58. Rb7 Ne7 59. Kg2 Rg4+ 60. Kf1 Rf4 61. Kg2 Kf8 62. Rb8 Bxh4 63. Bd7+ Kg7 64. Rxb6 Bf6 65. Rb7 g5 66. Nd2 Bc3 67. Nf1 Bd4 68. f3 Ng6 69. Ng3 Nh4+ 70. Kh1 Rxf3 71. Nxh5+ Kg6 72. Bg4 Rf1+ 73. Kh2 Be5+ 0-1

[Event "RUS-ch Men Rapid 2019"]
[Site "Sochi"]
[Date "2019.10.15"]
[Round "4.8"]
[White "Smagin, Sergey"]
[Black "Tsydypov, Zhamsaran"]
[Result "1/2-1/2"]
[ECO "B22"]
[WhiteElo "2551"]
[BlackElo "2671"]
[Annotator "RC"]
[PlyCount "83"]
[EventDate "2019.10.15"]
[EventType "swiss"]
[EventCountry "RUS"]
[SourceTitle "playchess.com"]
[Source "ChessBase"]
[SourceQuality "1"]
[TimeControl "900+10"]

1. e4 c5 2. c3 g6 3. d4 Bg7 4. dxc5 Nf6 5. e5 Ng8 6. Nf3 Qc7 7. Qd5 Nc6 8. Bf4 b6 9. Na3 Bb7 10. cxb6 axb6 11. Nb5 Qc8 12. Qd2 Nd8 13. Nfd4 Kf8 14. h4 f6 15. exf6 Nxf6 16. Bh6 Nf7 17. Bxg7+ Kxg7 18. h5 e5 19. h6+ Kf8 20. Nb3 d5 21. c4 d4 22. Qb4+ Kg8 23. Qe7 Qc6 24. O-O-O Re8 25. Qc7 Ne4 26. Bd3 Qxc7 27. Nxc7 Rc8 28. Bxe4 Bxe4 29. Nd2 Bxg2 30. Rh2 Rxc7 31. Rxg2 Nxh6 32. Re1 Nf7 33. b3 Kg7 34. f4 exf4 35. Rf1 Ne5 36. Kc2 Rf8 37. Nf3 Nxf3 38. Rxf3 Re7 39. a4 Re3 40. Rff2 f3 41. Rg4 Rd8 42. Rf4 1/2-1/2

[Event "RUS-ch Men Rapid 2019"]
[Site "Sochi"]
[Date "2019.10.15"]
[Round "4.9"]
[White "Glek, Igor"]
[Black "Shimanov, Aleksandr"]
[Result "0-1"]
[ECO "B10"]
[WhiteElo "2467"]
[BlackElo "2653"]
[Annotator "RC"]
[PlyCount "66"]
[EventDate "2019.10.15"]
[EventType "swiss"]
[EventCountry "RUS"]
[SourceTitle "playchess.com"]
[Source "ChessBase"]
[SourceQuality "1"]
[TimeControl "900+10"]

1. e4 c6 2. c4 g6 3. d4 Bg7 4. Nc3 d6 5. h3 Nf6 6. Nf3 Na6 7. Be3 O-O 8. Bd3 e5 9. O-O Nd7 10. d5 f5 11. Bg5 Qe8 12. dxc6 bxc6 13. c5 h6 14. Bc4+ Kh8 15. Be3 dxc5 16. Qe2 Nc7 17. Rfd1 Qe7 18. Na4 Re8 19. Qc2 f4 20. Rxd7 Bxd7 21. Bxc5 Qf6 22. Rd1 Be6 23. Bd6 Bxc4 24. Bxc7 Qf7 25. Nc5 Bxa2 26. Rd7 Qc4 27. Qxc4 Bxc4 28. b3 Be2 29. Nh4 Kh7 30. Rd6 Bf8 31. Rxc6 Bb5 32. Rxg6 Bxc5 33. Rf6 Be7 0-1